 Dungeon Crawl Stone Soup version 0.31.0-12-g77e489cdc1 (webtiles) character file.

Game seed: 4681346208508884193

106 Curundu the Chopper (level 4, -1/41 HPs)
             Began as a Minotaur Berserker on Feb 13, 2024.
             Was a Believer of Trog.
             Slain by a gnoll
             ... wielding a +0 halberd
              (2 damage)
             ... on level 2 of the Dungeon.
             The game lasted 00:03:27 (1581 turns).

Curundu the Chopper (Minotaur Berserker)            Turns: 1581, Time: 00:03:27

Health: -1/41      AC:  3    Str: 24    XL:     4   Next: 55%
Magic:  3/3        EV: 12    Int:  4    God:    Trog [**....]
Gold:   74         SH:  0    Dex:  9    Spells: 3/3 levels left

rFire   . . .        a - +0 hand axe
rCold   . . .        (no shield)
rNeg    . . .        b - +0 animal skin
rPois   .            (helmet restricted)
rElec   .            (no cloak)
rCorr   .            f - +0 pair of gloves
SInv    .            (no boots)
Will    .....        (no amulet)
Stlth   +            (no ring)
HPRegen 0.26/turn    (no ring)
MPRegen 0.08/turn

%: no passive effects
@: no status effects
A: horns 2, retaliatory headbutt
a: Renounce Religion, Berserk, Trog's Hand


You were on level 2 of the Dungeon.
You worshipped Trog.
Trog was pleased with you.
You visited 1 branch of the dungeon, and saw 2 of its levels.

You collected 74 gold pieces.

Inventory:

Hand Weapons
 a - a +0 hand axe (weapon)
Armour
 b - a +0 animal skin (worn)
 f - a +0 pair of gloves (worn)
Scrolls
 e - a scroll of butterflies {unknown}
 g - a scroll of vulnerability {unknown}
 j - a scroll of enchant armour {unknown}
Potions
 c - a potion of degeneration {unknown}
 d - a potion of berserk rage {unknown}
 h - 2 potions of heal wounds {unknown}
 i - a potion of resistance {unknown}
 k - a potion of cancellation {unknown}


   Skills:
 + Level 4.6 Fighting
 + Level 5.1 Axes
 + Level 2.6 Armour
 + Level 3.0 Dodging
 + Level 0.2 Stealth


You had 3 spell levels left.
You didn't know any spells.
Your spell library was empty.

Dungeon Overview and Level Annotations

Branches:
Dungeon (2/15)

Altars:


Innate Abilities, Weirdness & Mutations

You have a pair of horns on your head.
You reflexively headbutt those who attack you in melee.


Message History

Items here: ))) †.
You see here a +0 dagger.
Found 5 stones.
You see here 5 stones.
Things that are here:
a +0 whip; 7 stones
Found an escape hatch in the floor.
Found a stone staircase leading up.
You see here a staff of fire.
Found an escape hatch in the ceiling.
There is a stone staircase leading up here.
A ribbon worm comes into view.
You slash the ribbon worm! You headbutt the ribbon worm!
You kill the ribbon worm!
Trog accepts your kill.
A gnoll comes into view. It is wielding a +0 halberd.
The gnoll shouts!
You hear a shout! x2
A gnoll comes into view. It is wielding a +0 spear.
The gnoll shouts!
You hear a shout! 2 gnolls come into view.
Found 8 gold pieces and 7 stones.
The gnoll shouts! x2
The gnoll hits you from afar with a +0 halberd.
The gnoll closely misses you. The gnoll barely misses you.
The gnoll hits you from afar with a +0 halberd!
The gnoll hits you from afar with a +0 spear.
The gnoll attacks as it pursues you! The gnoll misses you.
The gnoll misses you.
You completely miss the gnoll. The gnoll barely misses you.
The gnoll hits you from afar with a +0 halberd!
* * * LOW HITPOINT WARNING * * *
You hit the gnoll but do no damage. The gnoll closely misses you.
The gnoll hits you from afar with a +0 halberd.
* * * LOW HITPOINT WARNING * * *
You completely miss the gnoll. You headbutt the gnoll.
The gnoll is moderately wounded.
The gnoll hits you with a +0 spear.
* * * LOW HITPOINT WARNING * * *
The gnoll hits you from afar with a +0 halberd.
You die...

############
##.........#
...##...##.####
####8...8#....#
# ##...#####.#
# #...# #.## #
#...# #..### #
8...8 ##...# #
##...## ###@#
#8###8#g#
.$....gg#
(......g#
........#
#8###8### # ##


You could see 4 gnolls.

Vanquished Creatures
  Robin (D:2)
  2 adders (D:2)
  A dart slug (D:1)
  A ribbon worm (D:2)
  2 endoplasms
  3 giant cockroaches
  6 hobgoblins
  4 jackals
  4 kobolds
  4 quokkas
  5 ball pythons
  6 bats
  A frilled lizard (D:1)
  19 goblins
  5 rats (D:1)
64 creatures vanquished.

Notes
Turn   | Place    | Note
-------+----------+-------------------------------------------
     0 | D:1      | Curundu the Minotaur Berserker began the quest for the Orb.
     0 | D:1      | Reached XP level 1. HP: 19/19 MP: 0/0
    47 | D:1      | Reached skill level 4 in Axes
    47 | D:1      | Reached XP level 2. HP: 27/27 MP: 1/1
   411 | D:1      | Found a faded altar of an unknown god.
   899 | D:2      | Reached XP level 3. HP: 33/33 MP: 2/2
   988 | D:2      | Reached ** piety under Trog
  1177 | D:2      | Reached XP level 4. HP: 24/41 MP: 3/3
  1321 | D:2      | Noticed Robin
  1334 | D:2      | Reached skill level 5 in Axes
  1334 | D:2      | Killed Robin
  1581 | D:2      | HP: 1/41 [gnoll/+0 spear (3)]
  1581 | D:2      | Slain by a gnoll

Illustrated notes

Levels and vault maps discovered:
D:1:      spicycebolla_arrival_xxxplode, layout_basic,
          ebering_ecumenical_altar_hall, chequers_serial_rivers_small_3,
          st_stairs_2
D:2:      layout_rooms, serial_corexii_hall, chequers_hall_statues_y,
          corexii_hall_statues_x, chequers_hall_statues_wall_a,
          serial_park_tiny_pond, chequers_serial_rivers_large_b, uniq_robin

Skill      XL: |  1  2  3  4 |
---------------+-------------+-----
Axes           | 4 5 |  5.1
Fighting       | 4 |  4.6
Dodging        | 3 |  3.0
Armour         | |  2.6
Stealth        | |  0.2

Action                     |  1- 3 |  4- 6 || total
---------------------------+-------+-------++-------
  Melee: Hand axe          |    71 |    14 ||    85
         Headbutt          |     7 |     4 ||    11
         Punch             |     2 |       ||     2
 Invoke: Berserk           |       |     1 ||     1
 Armour: Animal skin       |    36 |    26 ||    62
  Dodge: Dodged            |    60 |    30 ||    90
